 Dungeon Crawl Stone Soup version 0.28-a0-401-ge240ad9e29 (webtiles) character file.

Game seed: 9987891709603391788

13246 sizableburger the Spear-Bearer (level 11, -7/84 HPs)
             Began as a Mummy Abyssal Knight on Sept 5, 2021.
             Was an Elder of Lugonu.
             Mangled by a cane toad (11 damage)
             ... on level 1 of the Lair of Beasts.
             The game lasted 00:24:51 (13665 turns).

sizableburger the Spear-Bearer (MuAK)              Turns: 13665, Time: 00:24:51

Health: -7/84      AC: 21    Str: 23    XL:     11   Next: 73%
Magic:  9/17       EV:  9    Int: 16    God:    Lugonu [****..]
Gold:   647        SH:  5    Dex: 11    Spells: 10/10 levels left

rFire   x . .      SeeInvis .   h - +1 halberd (venom)
rCold   . . .      Faith    .   (shield currently unavailable)
rNeg    + + +      Spirit   .   k - +8 chain mail "Naisoro" {rC- Str+4 Int+4}
rPois   ∞          Reflect  +   (no helmet)
rElec   .          Harm     .   (no cloak)
rCorr   +          Rampage  .   g - +2 pair of gloves
Will    +....                   (no boots)
Stlth   ..........              n - amulet of reflection
HPRegen 0.24/turn               e - ring of resist corrosion
MPRegen 0.15/turn               (no ring)

@: no status effects
A: cold resistance 1, negative energy resistance 3, torment resistance 2, heat
vulnerability 1, no potions
a: Renounce Religion, Depart the Abyss, Bend Space, Banish, Corrupt


You were on level 1 of the Lair of Beasts.
You worshipped Lugonu.
Lugonu was greatly pleased with you.
You visited 2 branches of the dungeon, and saw 12 of its levels.
You visited the Abyss 1 time.

You collected 647 gold pieces.

Inventory:

Hand Weapons
 a - a +1 spear of venom
 h - a +1 halberd of venom (weapon)
Missiles
 c - 2 curare-tipped darts (quivered)
Armour
 g - a +2 pair of gloves (worn)
 k - the +8 chain mail "Naisoro" (worn) {rC- Str+4 Int+4}
   (You found it on level 4 of the Dungeon)

   Str:       It affects your strength (+4).
   Int:       It affects your intelligence (+4).
   rC:        It makes you vulnerable to cold.
Jewellery
 e - a ring of resist corrosion (left hand)
 n - an amulet of reflection (around neck)
Wands
 l - a wand of acid (7)
 p - a wand of iceblast (8)
 r - a wand of paralysis (8)
Scrolls
 b - a scroll of fear
 d - 6 scrolls of identify
 f - 3 scrolls of immolation
 i - 6 scrolls of teleportation
 j - a scroll of magic mapping
 m - a scroll of fog
 o - 2 scrolls of amnesia
 q - a scroll of silence {unknown}


   Skills:
 - Level 7.0 Fighting
 + Level 11.0 Polearms
 + Level 2.1 Throwing
 - Level 5.7 Armour
 - Level 4.3 Dodging
 + Level 8.2 Invocations


You had 10 spell levels left.
You didn't know any spells.
Your spell library contained the following spells:

 Spells                   Type           Power      Damage    Failure   Level
 Freeze                   Ice            0%         1d3       87%         1
 Blink                    Tloc           N/A        N/A       95%         2
 Slow                     Hex            0%         N/A       95%         2
 Confusing Touch          Hex            0%         N/A       99%         3
 Ozocubu's Armour         Ice            0%         N/A       99%         3
 Portal Projectile        Hex/Tloc       0%         N/A       99%         3
 Teleport Other           Tloc           0%         N/A       99%         3
 Vampiric Draining        Necr           0%         2d6       99%         3
 Cause Fear               Hex            0%         N/A       100%        4
 Dragon's Call            Summ           0%         N/A       100%        9
 Dragon Form              Tmut           Unusable   N/A       N/A         7

Dungeon Overview and Level Annotations

Branches:
Dungeon (10/15)            Temple (0/1) D:4            Lair (2/6) D:8
  Swamp: Lair:2-4    Shoals: Lair:2-4     Snake: Lair:2-4    Spider: Lair:2-4
    Orc: D:9-12

Altars:
Dithmenos
Makhleb
Uskayaw
Vehumet
Wu Jian
Zin
The Shining One

Annotations:
Abyss:1 Erolcha


Innate Abilities, Weirdness & Mutations

You are immune to poison.
Your flesh is cold resistant. (rC+)
You are immune to negative energy. (rN+++)
You are immune to unholy pain and torment.
You are vulnerable to heat. (rF-)
You do not drink.


Message History

The wolf bites you but does no damage.
You puncture the wolf!
The wolf looks as sick as possible!
The wolf is almost dead.
You kill the wolf!
Lugonu accepts your kill.
You barely miss the cane toad. The cane toad barely misses you.
You hit the cane toad.
The cane toad is poisoned.
The cane toad is lightly wounded.
The cane toad stings you!
The cane toad stings you but does no damage.
You barely miss the cane toad.
The cane toad is lightly wounded.
The cane toad stings you!
You closely miss the cane toad.
The cane toad is lightly wounded.
The cane toad barely misses you.
You closely miss the cane toad.
The cane toad is lightly wounded.
The cane toad stings you!
* * * LOW HITPOINT WARNING * * *
Your chain mail "Naisoro" prevents you from hitting the cane toad.
The cane toad is lightly wounded.
You block the cane toad's attack.
You closely miss the cane toad.
The cane toad is lightly wounded.
You block the cane toad's attack.
You hit the cane toad but do no damage.
The cane toad is lightly wounded.
The cane toad stings you but does no damage.
Press: ? - help, Shift-Dir - straight line, f - cane toad
Aim: a cane toad (lightly wounded, very poisoned, chance to affect: 85%)
The cane toad barely resists.
The cane toad misses you. The cane toad stings you!!
* * * LOW HITPOINT WARNING * * *
Unknown command.
You can't drink.
Press: ? - help, Shift-Dir - straight line, f/p - cane toad
Aim: a cane toad (moderately wounded, very poisoned, chance to affect: 85%)
The cane toad barely resists.
The cane toad stings you!
You die...

.........#####........>..........
'##......#####...................
.##.............)................
.##....####.P###.................
.##...#........#.###.######.....#
.##..............# ### #......#
.##...#........#.# ########.....#
..+...+........#F###......+.....#
.##...#........#@#.#....##P.....#
###............#.'......##......#
P......####.#.##.#########......#
.................# ### ##......
.................####P#####......
.................................
.................................
.....####.####...................
#....###.+#####................#.


You could see a cane toad (very poisoned).

Vanquished Creatures
  A two-headed ogre (D:10)
  Erica (D:8)
  A cane toad (Lair:1)
  A komodo dragon (D:8)
  An unseen horror (shapeshifter) (D:8)
  A troll (D:10)
  A hornet (D:9)
  12 blink frogs (Lair:1)
  A wraith (D:8)
  A shadow (D:10)
  13 yaks
  A basilisk (Lair:1)
  A steam dragon (D:6)
  3 vampire mosquitoes (D:10)
  2 black bears
  2 orc warriors
  2 ice beasts
  6 wolves (Lair:1)
  2 ogres (D:6)
  A necrophage (D:8)
  4 centaurs
  A phantom (D:6)
  3 kobold brigands (D:6)
  A wyvern zombie (D:6)
  2 bullfrogs (Lair:1)
  A gnoll sergeant (D:8)
  9 killer bees
  6 wights
  3 howler monkeys (D:10)
  A bullfrog zombie (D:7)
  3 centaur zombies
  5 hounds
  4 orc priests
  2 bullfrog skeletons
  2 jellies
  2 centaur skeletons
  2 iguanas (D:5)
  11 orc wizards
  4 gnolls (D:3)
  3 howler monkey zombies
  10 adders
  A shadow imp (D:6)
  2 white imps
  2 ufetubi
  An adder zombie (D:5)
  2 worms
  2 dart slugs
  32 orcs
  4 endoplasms
  2 giant cockroaches
  11 goblins
  4 hobgoblins
  3 quokkas
  2 ball pythons
  4 bats
  17 kobolds
  9 rats
231 creatures vanquished.

Vanquished Creatures (others)
  An orc (D:6)
  A fungus (Lair:1)
  5 plants
7 creatures vanquished.

Grand Total: 238 creatures vanquished

Notes
Turn   | Place    | Note
-------+----------+-------------------------------------------
     0 | Abyss:1  | sizableburger the Mummy Abyssal Knight began the quest for
                  | the Orb.
     0 | Abyss:1  | Reached XP level 1. HP: 18/18 MP: 2/2
    53 | Abyss:1  | Noticed a thrashing horror
    54 | D:1      | Escaped the Abyss
   196 | D:1      | Reached skill level 2 in Polearms
   333 | D:1      | Reached XP level 2. HP: 21/24 MP: 3/3
   645 | D:1      | Reached * piety under Lugonu
  1553 | D:2      | Reached skill level 3 in Polearms
  1553 | D:2      | Reached XP level 3. HP: 27/29 MP: 4/4
  1883 | D:3      | Reached XP level 4. HP: 34/35 MP: 5/5
  2142 | D:3      | Reached skill level 4 in Polearms
  2412 | D:3      | Found a faded altar of an unknown god.
  2682 | D:3      | Reached XP level 5. HP: 36/41 MP: 6/6
  3401 | D:3      | Reached ** piety under Lugonu
  4086 | D:4      | Reached skill level 5 in Polearms
  4203 | D:4      | Reached XP level 6. HP: 33/47 MP: 7/7
  4329 | D:4      | Found a staircase to the Ecumenical Temple.
  4813 | D:4      | Identified the +8 chain mail "Naisoro" {rC- Str+4 Int+4}
  5069 | D:5      | Entered Level 5 of the Dungeon
  5077 | D:5      | Found a shadowy altar of Dithmenos.
  5081 | D:5      | Found a hide-covered altar of Uskayaw.
  5334 | D:5      | Reached skill level 6 in Polearms
  5547 | D:5      | Reached XP level 7. HP: 50/52 MP: 8/8
  5572 | D:5      | Found a burning altar of Makhleb.
  6071 | D:6      | Reached skill level 7 in Polearms
  6415 | D:6      | Reached skill level 8 in Polearms
  6415 | D:6      | Reached XP level 8. HP: 58/58 MP: 9/9
  6446 | D:6      | Reached *** piety under Lugonu
  6717 | D:6      | Found an ornate altar of the Wu Jian Council.
  7703 | D:7      | Reached XP level 9. HP: 54/66 MP: 11/11
  7994 | D:7      | Reached **** piety under Lugonu
  8485 | D:7      | Reached skill level 9 in Polearms
  8804 | D:8      | Reached skill level 5 in Fighting
  9027 | D:8      | Noticed Erica
  9195 | D:8      | Killed Erica
  9315 | D:8      | Reached skill level 5 in Invocations
  9315 | D:8      | Reached XP level 10. HP: 57/76 MP: 13/13
  9506 | D:8      | Reached skill level 5 in Armour
  9910 | D:8      | Found a staircase to the Lair.
 10371 | D:9      | Noticed a tengu warrior
 10375 | D:9      | Banished a tengu warrior
 10841 | D:9      | Got Sif Muna's Tome of the Snowflakes and Orientation
 11021 | D:9      | Found a radiant altar of Vehumet.
 11148 | D:10     | Entered Level 10 of the Dungeon
 11160 | D:9      | Reached skill level 1 in Dodging
 11301 | D:10     | Reached skill level 10 in Polearms
 11493 | D:10     | Noticed a two-headed ogre
 11504 | D:10     | Killed a two-headed ogre
 11678 | D:10     | Reached XP level 11. HP: 84/84 MP: 10/16
 12111 | D:10     | Noticed Erolcha
 12130 | D:10     | Banished Erolcha
 12568 | Lair:1   | Entered Level 1 of the Lair of Beasts
 12837 | Lair:1   | Reached skill level 1 in Throwing
 13632 | Lair:1   | Reached skill level 11 in Polearms
 13664 | Lair:1   | HP: 4/84 [cane toad (18)]
 13665 | Lair:1   | Mangled by a cane toad

Illustrated notes

Levels and vault maps discovered:
D:1:      elethiomel_arrival_infinity_welcomes_careful_drivers,
          layout_loops_ring
D:2:      layout_loops_ring, serial_rivers, chequers_serial_rivers_micro_e,
          chequers_serial_rivers_micro_c, chequers_serial_rivers_micro_c,
          chequers_serial_rivers_small_b, chequers_serial_rivers_micro_c
D:3:      minmay_bubble_buster, layout_basic, mainiacjoe_overflow_cross_hatched,
          dreamdust_ecumenical_altar_angels_and_demons
D:4:      layout_basic, minmay_temple_entry_statues_pillars, dk_vineyard_3,
          hangedman_decor_slide_cut, minmay_misc_feat_tiny
D:5:      layout_basic, minitemple, mainiacjoe_overflow_catwalk
D:6:      minmay_general_purpose_star, layout_basic, general_overflow_altar,
          kennysheep_generic_room_4
D:7:      layout_cave_pools, minivault_25
D:8:      wad_cavern_with_rooms, layout_basic, david_lair_shrubbed, uniq_erica
D:9:      layout_small_grid, marbit_many_paths
D:10:     layout_loops_ring, uniq_erolcha
Lair:1:   layout_regular_city, enter_volcano_2, basic_altar, st_stairs_11
Lair:2:   layout_cave_pods, hellmonk_guarded_unrand_zhor

Skill      XL: |  1  2  3  4  5  6  7  8  9 10 11 |
---------------+----------------------------------+-----
Polearms       | 2 3 4 5 6 8 9 10 11 | 11.0
Armour         | 2 3 4 5 |  5.7
Invocations    | 3 5 6 8 |  8.2
Fighting       | 4 6 7 |  7.0
Dodging        | 2 4 |  4.3
Throwing       | 2 |  2.1

Action                   |  1- 3 |  4- 6 |  7- 9 | 10-12 || total
-------------------------+-------+-------+-------+-------++-------
Melee: Spear             |   100 |   226 |    32 |       ||   358
       Halberd           |       |       |   348 |   364 ||   712
Throw: Dart              |       |       |       |     3 ||     3
Invok: Depart the Abyss  |     1 |       |       |       ||     1
       Banish            |       |       |       |     9 ||     9
Evoke: Wand              |       |       |     3 |       ||     3
  Use: Scroll            |     4 |     4 |     6 |       ||    14
Armor: Leather armour    |    17 |    39 |       |       ||    56
       Chain mail        |       |    37 |   216 |   205 ||   458
Dodge: Dodged            |    32 |    99 |   137 |   139 ||   407
Block: Other             |       |       |    47 |    74 ||   121
       Reflection        |       |       |     1 |       ||     1

Table legend: (Time is in decaauts)
 A = Elapsed time spent in this place.
 B = Non-inter-level travel time spent in this place.
 C = Inter-level travel time spent in this place.
 D = Time resting spent in this place.
 E = Time spent auto-exploring this place.
 F = Levels seen in this place.
 G = Mean time per level.
                   A        B        C        D        E       F      G
               +--------+--------+--------+--------+--------+-----+--------+
         Total |  13677 |  13234 |    443 |   3565 |   7369 |  13 | 1052.1 |
       Dungeon |  12530 |  12114 |    416 |   3527 |   6511 |  10 | 1253.0 |
          Lair |   1092 |   1065 |     27 |     38 |    807 |   2 |  546.0 |
         Abyss |     54 |     54 |      0 |      0 |     51 |   1 |   54.0 |
               +--------+--------+--------+--------+--------+-----+--------+

Top non-repeatable levels by time:
     D:6: 2142 daAuts
     D:3: 1683 daAuts
     D:8: 1279 daAuts
    D:10: 1260 daAuts
     D:2: 1246 daAuts
     D:4: 1208 daAuts
     D:9: 1117 daAuts
  Lair:1: 1089 daAuts
     D:7: 994 daAuts
     D:1: 853 daAuts
     D:5: 744 daAuts
 Abyss:1: 54 daAuts
  Lair:2: 2 daAuts
